 Dungeon Crawl Stone Soup version 0.31-a0-237-g2d982f9f85 (webtiles) character file.

Game seed: 12709417386099867680

70 qw the Shooter (level 4, -2/26 HPs)
             Began as a Gargoyle Hexslinger on July 10, 2023.
             Killed from afar by an orc wizard (4 damage)
             ... with a magic dart
             ... on level 3 of the Dungeon.
             The game lasted 00:00:28 (1360 turns).

qw the Shooter (Gargoyle Hexslinger)                Turns: 1360, Time: 00:00:28

Health: -2/26      AC: 10    Str: 11    XL:     4   Next: 21%
Magic:  5/5        EV: 10    Int: 14    God:
Gold:   107        SH:  0    Dex: 14    Spells: 4/5 levels left

rFire   . . .        Y - +1 sling
rCold   . . .        (no shield)
rNeg    + . .        a - +0 ring mail
rPois   inf          (no helmet)
rElec   +            (no cloak)
rCorr   .            h - +0 pair of gloves
SInv    .            (no boots)
Will    .....        (no amulet)
Stlth   +            (no ring)
HPRegen 0.24/turn    (no ring)
MPRegen 0.09/turn

%: no passive effects
@: no status effects
A: sickness immunity, AC +3, negative energy resistance 1, electricity
resistance, torment resistance 1, petrification resistance
a: no special abilities


You were on level 3 of the Dungeon.
You visited 1 branch of the dungeon, and saw 3 of its levels.

You collected 107 gold pieces.


Innate Abilities, Weirdness & Mutations

You are immune to sickness and miasma.
Your stone body is resilient. (AC +3)
You are immune to poison.
You resist negative energy. (rN+)
You are resistant to electric shocks. (rElec)
You are resistant to unholy torment.
You are immune to petrification.


   Skills:
 - Level 2.2 Fighting
 + Level 3.2 Ranged Weapons
 - Level 2.1 Armour
 - Level 1.5 Dodging
 - Level 1.0 Spellcasting
 - Level 2.6 Hexes


You had 4 spell levels left.
You knew the following spells:

 Your Spells              Type           Power      Damage    Failure   Level
a - Slow                  Hex            32%        N/A       21%         1

Your spell library contained the following spells:

 Spells                   Type           Power      Damage    Failure   Level
 Inner Flame              Hex/Fire       4%         N/A       71%         3
 Portal Projectile        Hex/Tloc       8%         N/A       71%         3
 Cause Fear               Hex            4%         N/A       90%         4

Inventory:

Hand Weapons
 Y - a +1 sling (weapon)
Armour
 a - a +0 ring mail (worn)
 c - a +1 helmet
 h - a +0 pair of gloves (worn)
Scrolls
 b - a scroll of identify
Potions
 d - a potion of ambrosia {unknown}
 e - a potion of haste {unknown}
 g - a potion of attraction {unknown}
 i - a potion of lignification {unknown}

Dungeon Overview and Level Annotations

Branches:
Dungeon (3/15)

Altars:


Message History

The orc priest looks braver for a moment.
You shoot a sling bullet. The sling bullet hits the orc priest.
The orc priest is severely wounded.
The orc priest hits you with a +0 morningstar.
The orc wizard misses you.
You shoot a sling bullet.
The sling bullet barely misses the orc priest.
The orc wizard mumbles some strange words.
The orc wizard flickers and vanishes!
Deactivating autopickup; reactivate with Ctrl-A.
The orc priest hits you but does no damage.
You shoot a sling bullet. The sling bullet hits the orc priest.
You kill the orc priest!
Something hits you but does no damage. x2
Your Armour skill gained 2 levels and is now at level 2!
You have reached level 4!
You feel clever.
You shoot a sling bullet. Something hits you but does no damage.
You shoot a sling bullet. Something hits you but does no damage.
You hear some strange, mumbled words.
A puff of flame appears from out of thin air!
The puff of flame hits you!
You shoot a sling bullet. Something hits you but does no damage.
You shoot a sling bullet. Something hits you but does no damage.
You shoot a sling bullet. Something hits you but does no damage.
You hear some strange, mumbled words.
A puff of flame appears from out of thin air!
The puff of flame hits you!
You shoot a sling bullet. Something hits you but does no damage.
You shoot a sling bullet. Something hits you but does no damage.
You hear some strange, mumbled words.
A magic dart appears from out of thin air!
The magic dart hits you.
You die...

... #.# .). #.#
#.# ###.#####
#..){...#(#
#.#@# .#.#
#...# ...$
#######.# ..#
#.......#...#
#.#####.#...###
#............
#.###.####.##
#......#
#.#.##<#


There were no monsters in sight!

Vanquished Creatures
  An orc priest (D:3)
  An adder (D:2)
  A worm (D:2)
  An orc (D:3)
  An endoplasm (D:2)
  A giant cockroach (D:1)
  A goblin (D:2)
  3 hobgoblins
  3 quokkas
  5 ball pythons
  4 bats
  A frilled lizard (D:1)
  4 kobolds
  2 rats
29 creatures vanquished.

Notes
Turn   | Place    | Note
-------+----------+-------------------------------------------
     0 | D:1      | qw the Gargoyle Hexslinger began the quest for the Orb.
     0 | D:1      | Reached XP level 1. HP: 12/12 MP: 2/2
     0 | D:1      | 0 ||| qw: Version: 0.3-a-52-g30416fa
     0 | D:1      | 0 ||| qw: Game counter: 5236
     0 | D:1      | 0 ||| qw: Melee chars always use a shield: true
     0 | D:1      | 0 ||| qw: God list: Okawaru
     0 | D:1      | 0 ||| qw: Allow faded altars: false
     0 | D:1      | 0 ||| qw: Do Orc after clearing Dungeon:15 true
     0 | D:1      | 0 ||| qw: Do second Lair branch before Depths: true
     0 | D:1      | 0 ||| qw: Lair rune preference: random
     0 | D:1      | 0 ||| qw: Goals: Normal
     0 | D:1      | 0 ||| PLANNING D:1-11
   170 | D:1      | Reached XP level 2. HP: 16/16 MP: 3/3
   330 | D:1      | Reached skill level 3 in Ranged Weapons
   629 | D:1      | 629 ||| UPGRADING to +0 pair of gloves.
   634 | D:1      | 634 ||| READING scroll labelled VEPONN VOL DIN.
   635 | D:1      | 635 ||| READING scroll labelled IKHLYSMU MATIEWN.
   636 | D:1      | 636 ||| READING scroll labelled VONUTHITUC.
   637 | D:1      | 637 ||| READING scroll labelled YCYINI PESTRUT.
   638 | D:1      | 638 ||| DROPPING scroll of poison.
   734 | D:2      | Reached XP level 3. HP: 20/21 MP: 4/4
   865 | D:2      | Found a faded altar of an unknown god.
  1288 | D:2      | 1288 ||| UPGRADING to +0 ring mail.
  1298 | D:2      | 1298 ||| DROPPING +0 robe.
  1354 | D:3      | Reached XP level 4. HP: 21/26 MP: 5/5
  1358 | D:3      | HP: 1/26 [something/puff of flame (11)]
  1360 | D:3      | Killed from afar by an orc wizard

Levels and vault maps discovered:
D:1:      lightli_arrival_noodles, layout_basic, minmay_box_of_dots
D:2:      layout_loops_ring, shapermc_ecumenical_altar_venn
D:3:      layout_basic, serial_curves, eino_curves_03, eino_curves_03

Skill      XL: |  1  2  3 |
---------------+----------+-----
Ranged Weapons | 3 |  3.2
Fighting       | 2 |  2.2
Armour         | 2 |  2.1
Dodging        | |  1.5
Spellcasting   | |  1.0
Hexes          | |  2.6

Action                     |  1- 3 |  4- 6 || total
---------------------------+-------+-------++-------
   Fire: Sling             |    99 |     7 ||   106
    Use: Scroll            |     4 |       ||     4
 Armour: Robe              |    13 |       ||    13
         Ring mail         |     5 |     7 ||    12
  Dodge: Dodged            |    25 |       ||    25

Table legend:
 A = Non-vault XP
 B = Vault XP
 C = Vault XP percentage of total XP
 D = Non-vault monster count
 E = Vault monster count
 F = Vault count percentage of total count
                 A         B        C        D         E       F
            +---------+---------+-------+---------+---------+-------
      Total |      99 |       1 |   1.0 |      28 |       1 |   3.4
            +---------+---------+-------+---------+---------+-------
        D:1 |      22 |       1 |   4.3 |      14 |       1 |   6.7
        D:2 |      32 |       0 |   0.0 |      11 |       0 |   0.0
        D:3 |      45 |       0 |   0.0 |       3 |       0 |   0.0
            +---------+---------+-------+---------+---------+-------
